 Dungeon Crawl Stone Soup version 0.17.0-28-g6e173f8 (console) character file.

220 Kloppie the Insei (level 5, 0/45 HPs)
             Began as a Draconian Transmuter on Nov 24, 2015.
             Killed from afar by Ijyb (20 damage)
             ... with a wand of draining
             ... on level 3 of the Dungeon.
             The game lasted 00:04:40 (3246 turns).

Kloppie the Insei (Draconian Transmuter)            Turns: 3246, Time: 00:04:40

Health: 0/45       AC:  5    Str: 12    XL:     5   Next: 64%
Magic:  8/8        EV:  7    Int: 14    God:
Gold:   153        SH:  0    Dex: 12    Spells: 2 memorised, 4 levels left

rFire  . . .     SeeInvis .       - Unarmed
rCold  . . .     Clarity  .     (armour unavailable)
rNeg   . . .     SustAt   .     (no shield)
rPois  .         Gourm    .     (helmet restricted)
rElec  .         Spirit   .     (no cloak)
rCorr  .         Warding  .     (no gloves)
rMut   .         Stasis   .     (no boots)
MR     .....                    (no amulet)
Stlth  +.........               (no ring)
                                (no ring)

@: heavily drained, not resistant to hostile enchantments, very unstealthy
A: unfitting armour, cold-blooded, AC +5
a: no special abilities


You were on level 3 of the Dungeon.
You were hungry.

You visited 1 branch of the dungeon, and saw 3 of its levels.

You collected 153 gold pieces.

Inventory:

Missiles
 a - 32 arrows
 o - 12 arrows of frost
Wands
 j - a wand of confusion (25)
Scrolls
 d - a scroll of enchant weapon
 f - 2 scrolls of teleportation {unknown}
 g - 2 scrolls of fog {unknown}
 i - a scroll of immolation {unknown}
 l - a scroll of noise {unknown}
Potions
 e - a potion of curing {unknown}
 n - a potion of agility {unknown}
Books
 b - a book of Changes

   Spells                             Type                      Level
   a - Beastly Appendage              Transmutation                1
   b - Sticks to Snakes               Transmutation                2
   c - Spider Form                    Transmutation/Poison         3
   d - Ice Form                       Ice/Transmutation            4
   e - Blade Hands                    Transmutation                5
Comestibles
 c - 2 bread rations
 h - a meat ration
 m - a beef jerky


   Skills:
 + Level 3.5(2.0) Fighting
 + Level 3.4(1.9) Dodging
 + Level 4.4(2.9) Unarmed Combat
 - Level 2.0(0.5) Spellcasting
 - Level 2.0(0.5) Transmutations


You had 4 spell levels left.
You knew the following spells:

 Your Spells              Type           Power        Failure   Level  Hunger
a - Beastly Appendage     Trmt           #.....       24%         1    ##.....
b - Spider Form           Trmt/Pois      #.........   83%         3    ####...


Dungeon Overview and Level Annotations

Branches:
Dungeon (3/15)

Altars:
Fedhas

Annotations:
D:3 Ijyb, Sigmund


Innate Abilities, Weirdness & Mutations

Your plain brown scales are hard (AC +5).
Your body does not fit into most forms of armour.
You are cold-blooded and may be slowed by cold attacks.


Message History

The bolt of negative energy hits the jackal.
The jackal is drained!
The jackal dies!
The bolt of negative energy hits you!
You feel drained.
It is a wand of draining.
The jackal closely misses you. The jackal completely misses you.
You barely miss the jackal.
Your tail-slap misses the jackal.
The jackal closely misses you.
The jackal bites you but does no damage.
You barely miss Ijyb. The jackal closely misses you.
The jackal closely misses you.
Ijyb zaps a wand.
The bolt of negative energy hits you!
You feel drained.
* * * LOW HITPOINT WARNING * * *
The jackal bites you.
* * * LOW HITPOINT WARNING * * *
The jackal bites you.
* * * LOW HITPOINT WARNING * * *
There is a stone staircase leading up here.
Ijyb zaps a wand.
The bolt of negative energy hits you!
You feel drained.
You die...

. ##>##.#
. #
####.# #.
.. ... .#
.
..####.#
. .g...
#.†##
#gh# #h@#
< #.## .
...#
......
#......
........
##..#####
...


You could see Ijyb, 2 jackals and a hobgoblin.

Vanquished Creatures
  An orc wizard (D:2)
  An orc priest (D:3)
  Jessica (D:3)
  2 gnolls
  5 adders
  2 oozes
  A giant gecko (D:2)
  2 orcs
  2 ball pythons
  5 bats
  2 giant cockroaches
  5 hobgoblins
  A jackal (D:1)
  13 kobolds
  2 quokkas
  5 giant newts
  9 goblins
  3 rats (D:1)
62 creatures vanquished.

Vanquished Creatures (others)
  A jackal (D:3)
1 creature vanquished.

Grand Total: 63 creatures vanquished

Notes
Turn   | Place    | Note
--------------------------------------------------------------
     0 | D:1      | Kloppie the Draconian Transmuter began the quest for the Orb.
     0 | D:1      | Reached XP level 1. HP: 16/16 MP: 3/3
   256 | D:1      | Reached XP level 2. HP: 23/23 MP: 5/5
   826 | D:2      | Reached XP level 3. HP: 20/29 MP: 6/6
  1023 | D:2      | HP: 1/29 [gnoll/spear (3)]
  1531 | D:2      | Found a blossoming altar of Fedhas.
  1573 | D:2      | Reached XP level 4. HP: 8/36 MP: 5/7
  2280 | D:2      | Learned a level 3 spell: Spider Form
  2412 | D:2      | Reached skill level 4 in Unarmed Combat
  2551 | D:3      | Noticed Jessica
  2561 | D:3      | Killed Jessica
  2561 | D:3      | Reached XP level 5. HP: 43/45 MP: 6/8
  3195 | D:3      | Noticed Sigmund
  3239 | D:3      | Noticed Ijyb
  3246 | D:3      | Killed from afar by Ijyb

Action                   |  1- 3 |  4- 6 || total
-------------------------+-------+-------++-------
Melee: Unarmed           |   125 |   135 ||   260
 Cast: Beastly Appendage |     2 |     4 ||     6
  Use: Scroll            |       |     2 ||     2
 Stab: Sleeping          |       |     2 ||     2
  Eat: Chunk             |     2 |     5 ||     7
